 Dungeon Crawl Stone Soup version 0.31-a0-1499-ge0622b2318 (webtiles) character file.

Game seed: 5359919739668571319

53 grandjackal the Chopper (level 3, -7/28 HPs)
             Began as a Demonspawn Gladiator on Dec 29, 2023.
             Mangled by Sigmund
             ... wielding a +0 scythe
              (9 damage)
             ... on level 3 of the Dungeon.
             The game lasted 00:01:40 (1594 turns).

grandjackal the Chopper (Demonspawn Gladiator)      Turns: 1594, Time: 00:01:40

Health: -7/28      AC:  4    Str: 16    XL:     3   Next: 62%
Magic:  3/3        EV: 12    Int:  8    God:
Gold:   81         SH:  0    Dex: 14    Spells: 2/2 levels left

rFire   . . .        a - +0 war axe
rCold   . . .        (no shield)
rNeg    . . .        b - +0 leather armour
rPois   .            c - +0 helmet
rElec   .            (no cloak)
rCorr   .            (no gloves)
SInv    .            (no boots)
Will    .....        (no amulet)
Stlth   +            (no ring)
HPRegen 0.24/turn    (no ring)
MPRegen 0.16/turn

%: no passive effects
@: no status effects
A: magic regeneration
a: no special abilities


You were on level 3 of the Dungeon.
You visited 1 branch of the dungeon, and saw 3 of its levels.

You collected 131 gold pieces.
You spent 50 gold pieces at shops.

Inventory:

Hand Weapons
 a - a +0 war axe (weapon)
Missiles
 d - 3 throwing nets (quivered)
 e - a javelin
Armour
 b - a +0 leather armour (worn)
 c - a +0 helmet (worn)
Jewellery
 k - a ring of protection from cold
Scrolls
 h - 2 scrolls of identify {unknown}
 i - a scroll of poison {unknown}
 l - a scroll of fear
 n - a scroll of teleportation {unknown}
Potions
 f - 3 potions of degeneration {unknown}
 g - a potion of mutation {unknown}
 j - a potion of invisibility {unknown}
 m - 2 potions of curing {unknown}
 o - a potion of heal wounds {unknown}
 p - 2 potions of enlightenment {unknown}


   Skills:
 + Level 2.8 Fighting
 + Level 3.2 Axes
 - Level 2.2 Throwing
 - Level 3.0 Dodging


You had 2 spell levels left.
You didn't know any spells.
Your spell library contained the following spells:

 Spells                   Type           Power      Damage    Failure   Level
 Shock                    Conj/Air       0%         1d3       47%         1
 Ozocubu's Armour         Ice            0%         N/A       85%         3
 Swiftness                Air            0%         N/A       85%         3
 Airstrike                Air            0%         2d(0-16)  99%         4
 Metabolic Englaciation   Hex/Ice        0%         N/A       100%        5
 Sculpt Simulacrum        Ice/Alch       0%         N/A       100%        6


Dungeon Overview and Level Annotations

Branches:
Dungeon (3/15)

Altars:

Shops:
D:2 ?

Annotations:
D:3 Sigmund


Innate Abilities, Weirdness & Mutations

You regenerate magic rapidly.


Message History

You hit Sigmund but do no damage.
Sigmund is heavily wounded.
Sigmund closely misses you.
You closely miss Sigmund.
Sigmund is heavily wounded.
Sigmund hits you with a +0 scythe!
You barely miss Sigmund.
Sigmund is heavily wounded.
Sigmund casts a spell at you. The puff of flame hits you.
* * * LOW HITPOINT WARNING * * *
You closely miss Sigmund.
Sigmund is heavily wounded.
Sigmund barely misses you.
You hit Sigmund.
Sigmund is severely wounded.
Sigmund closely misses you.
You closely miss Sigmund.
Sigmund is severely wounded.
Sigmund closely misses you.
You hit Sigmund.
Sigmund is severely wounded.
Sigmund barely misses you.
You closely miss Sigmund.
Sigmund is severely wounded.
Sigmund closely misses you.
You closely miss Sigmund.
Sigmund is severely wounded.
Sigmund hits you with a +0 scythe!
* * * LOW HITPOINT WARNING * * *
You hit Sigmund.
Sigmund is almost dead.
You barely miss Sigmund.
Sigmund is almost dead.
Sigmund misses you.
You closely miss Sigmund.
Sigmund is almost dead.
Sigmund hits you with a +0 scythe!
You die...
Sigmund begins carving another notch in his scythe.

..########.#####.#
.......<.>....##.###
.#########.........#
#..#.##.#.#
#[.#.##.#.#
#.......#.#
##.##.###.#
##..##.###.#
#@.........#
+..@....#.#####
####...##.# ##.###.#
#.. ... #.#.#.#
#.....# #.# ###


You could see Sigmund.

Vanquished Creatures
  2 adders (D:2)
  A dart slug (D:2)
  5 bats
  3 endoplasms
  A giant cockroach (D:1)
  4 goblins
  4 hobgoblins
  3 kobolds
  2 quokkas
  2 ball pythons (D:2)
  A frilled lizard (D:2)
  2 rats
30 creatures vanquished.

Notes
Turn   | Place    | Note
-------+----------+-------------------------------------------
     0 | D:1      | grandjackal the Demonspawn Gladiator began the quest for
                  | the Orb.
     0 | D:1      | Reached XP level 1. HP: 16/16 MP: 1/1
   244 | D:1      | Gained mutation: You regenerate magic rapidly. [demonic
                  | ancestry]
   244 | D:1      | Reached XP level 2. HP: 4/22 MP: 2/2
   875 | D:2      | Found Ulugacso's Magic Scroll Shoppe.
   884 | D:2      | Bought a scroll of fear for 40 gold pieces
   884 | D:2      | Bought a scroll of noise for 10 gold pieces
  1158 | D:2      | Reached XP level 3. HP: 27/28 MP: 3/3
  1575 | D:3      | Noticed Sigmund
  1591 | D:3      | HP: 1/28 [Sigmund/+0 scythe (9)]
  1594 | D:3      | Mangled by Sigmund

Illustrated notes

Levels and vault maps discovered:
D:1:      minmay_arrival_cross, layout_loops_ring
D:2:      layout_loops_cross, serial_shops, shop
D:3:      layout_loops_corners, minmay_misc_feat_tower,
          kennysheep_generic_room_11, uniq_grinder, uniq_sigmund, uniq_terence

Skill      XL: |  1  2 |
---------------+-------+-----
Throwing       | 2 |  2.2
Axes           | 3 |  3.2
Dodging        | 3 |  3.0
Fighting       | |  2.8

Action                     || total
---------------------------++-------
  Melee: War axe           ||    87
         Punch             ||     1
   Stab: Sleeping          ||     1
 Armour: Leather armour    ||    57
  Dodge: Dodged            ||    79

Table legend: (Time is in decaauts)
 A = Elapsed time spent in this place.
 B = Non-inter-level travel time spent in this place.
 C = Inter-level travel time spent in this place.
 D = Time resting spent in this place.
 E = Time spent auto-exploring this place.
 F = Levels seen in this place.
 G = Mean time per level.
                   A        B        C        D        E       F      G
               +--------+--------+--------+--------+--------+-----+--------+
         Total |   1624 |   1576 |     48 |    162 |   1196 |   3 |  541.3 |
       Dungeon |   1624 |   1576 |     48 |    162 |   1196 |   3 |  541.3 |
               +--------+--------+--------+--------+--------+-----+--------+

Top non-repeatable levels by time:
     D:1: 821 daAuts
     D:2: 748 daAuts
     D:3: 53 daAuts
